 Dungeon Crawl Stone Soup version 0.14-a0-1773-ge500af7 (webtiles) character file.

240870 PolkaDot the Imperceptible (level 19, -3/142 HPs)
             Began as a Vampire Enchanter on Jan 7, 2014.
             Was the Champion of Ashenzari.
             Slain by a tengu reaver
             ... wielding a +0,+0 bardiche
              (5 damage)
             ... on Level 4 of the Vaults.
             The game lasted 03:42:56 (42961 turns).

PolkaDot the Imperceptible (Vampire Enchanter)     Turns: 42961, Time: 03:42:57

HP  -3/142       AC 28     Str  7      XL: 19   Next:  1%
MP   3/36        EV 26     Int 20      God: Ashenzari [******]
Gold 1736        SH 15     Dex 20      Spells:  7 memorised,  4 levels left

rFire  + . .     SeeInvis +     E - +5,-2 cutlass (elec) (curse)
rCold  + + .     Clarity  +     B - +3 leather armour {rF+} (curse)
rNeg   + + +     Conserve .     d - +1 buckler {reflect} (curse)
rPois  +         rCorr    .     O - +2 cap {Int+3} (curse)
rElec  .         rRot     +     t - +2 cloak (curse)
SustAb . .       Spirit   .     z - +2 pair of gloves (curse)
rMut   .         Warding  .     e - +2 pair of boots (curse)
Saprov . . .     Stasis   .     g - cursed amulet of clarity
                                y - cursed ring of magical power
                                s - cursed +6 ring of protection

@: regenerating, about to teleport, very slightly contaminated, quite resistant
to hostile enchantments, uncannily stealthy
A: bottle blood, fangs 3, iridescent scales 1, see invisible, unbreathing
a: Bat Form, Bottle Blood, Scrying, Transfer Knowledge, Renounce Religion
}: 1/15 runes: decaying


You were on level 4 of the Vaults.
You worshipped Ashenzari.
Ashenzari was exalted by your worship.
You were near bloodless.

You visited 5 branches of the dungeon, and saw 34 of its levels.
You visited 1 bazaar.
You also visited: Labyrinth and Volcano.

You collected 2339 gold pieces.
You spent 603 gold pieces at shops.

Inventory:

Hand weapons
 E - a cursed +5,-2 cutlass of electrocution (weapon)
Missiles
 v - 2 throwing nets (quivered)
Armour
 d - a cursed +1 buckler of reflection (worn)
 e - a cursed +2 pair of boots (worn)
 k - a +2 cloak of preservation
 t - a cursed +2 cloak (worn)
 z - a cursed +2 pair of gloves (worn)
 B - a cursed +3 leather armour of fire resistance (worn)
 O - a cursed +2 cap of intelligence (worn)
Magical devices
 c - a wand of heal wounds (0)
 h - a wand of digging (17)
 l - a wand of digging (8)
 w - a wand of teleportation (3)
 L - a wand of paralysis (9)
Scrolls
 a - 2 scrolls of identify
 j - 2 scrolls of amnesia
 m - 2 scrolls of fear
 n - a scroll of immolation
 x - a scroll of fog
 A - a scroll of remove curse
Jewellery
 g - a cursed amulet of clarity (around neck)
 s - a cursed +6 ring of protection (left hand)
 y - a cursed ring of magical power (right hand)
Potions
 i - a potion of heal wounds
 o - a potion of might
 p - a potion of brilliance
Books
 b - a book of Unlife

   Spells                             Type                      Level
   Recall                             Summoning/Translocation      3
   Animate Dead                       Necromancy                   4
   Control Undead                     Necromancy                   4
   Twisted Resurrection               Necromancy                   5
   Death Channel                      Necromancy                   6
   Simulacrum                         Ice/Necromancy               6
 f - a book of Control

   Spells                             Type                      Level
   Control Teleport                   Charms/Translocation         4
   Control Undead                     Necromancy                   4
   *Enslavement                       Hexes                        4
   Mass Confusion                     Hexes                        6
   Metabolic Englaciation             Hexes/Ice                    6


   Skills:
 - Level 10.8 Fighting
 - Level 14.3(18.4) Short Blades
 - Level 0.7 Throwing
 - Level 6.0 Armour
 * Level 12.7(16.8) Dodging
 - Level 24.9(27) Stealth
 - Level 5.8(8.9) Shields
 - Level 3.8 Spellcasting
 + Level 18.7(22.3) Hexes
 + Level 14.9(18.9) Charms


You had 4 spell levels left.
You knew the following spells:

 Your Spells              Type           Power        Failure   Level  Hunger
a - Corona                Hex            #######      0%          1    None
b - Sure Blade            Hex/Chrm       ######....   0%          2    #......
c - Confuse               Hex            #######.     0%          3    ###....
d - Ensorcelled Hibernat  Hex/Ice        #####.       1%          2    #......
e - Enslavement           Hex            #######.     0%          4    ####...
i - Invisibility          Hex            #######.     1%          6    #######
r - Regeneration          Chrm/Necr      #####.....   1%          3    ###....


Dungeon Overview and Level Annotations

Branches:
Dungeon (16/16)            Temple (1/1) D:4             Orc (0/4) D:10
   Lair (8/8) D:11          Swamp (5/5) Lair:6       Spider (0/5) Lair:4
  Slime (0/6) Lair:8       Vaults (4/5) D:15          Blade (0/1) Vaults:3
  Crypt (0/5) Vaults:3     Depths (0/6) D:16

Altars:
Ashenzari
Cheibriados
Elyvilon
Fedhas
Kikubaaqudgha
Makhleb
Nemelex Xobeh
Okawaru
Sif Muna
Trog
Vehumet
Xom
Yredelemnul
Zin
the Shining One

Shops:
D:4 [   D:15 [   Vaults:1 (   Vaults:3 [

Annotations:
D:2 Jessica
Swamp:3 exclusion: Roxanne, Roxanne


Innate Abilities, Weirdness & Mutations

You heal slowly.
You can bottle blood from corpses.
You have razor-sharp teeth.*
You have supernaturally acute eyesight.
You can survive without breathing.*
You are partially covered in iridescent scales (AC +4).*


Message History

Read which item? (? for menu, Esc to quit)
Okay, then.
Okay, then.
Casting: Confuse
Confirm with . or Enter, or press ? or * to list all spells.
Your skin crawls.
* * * LOW MAGIC WARNING * * *
The vault warden barely misses you.
Casting: Regeneration
Confirm with . or Enter, or press ? or * to list all spells.
Aiming: Confuse
Press: ? - help, Shift-Dir - straight line, f - vault warden
Aim: a vault warden, wielding a war axe of freezing, wearing a chain mail, quivering 14 bolts and carrying a crossbow of flame The vault warden resists with significant effort.
* * * LOW MAGIC WARNING * * *
The sphinx mumbles some strange words.
Something smites you!
* * * LOW HITPOINT WARNING * * *
The tengu reaver hits you from afar with a bardiche.
You die...

#############
#..#...((#..#############
#..#....)#..##......'....
#..#..)(@#..##......#....
##
#).####@##..##......'....
.#*
#.).).cH{{..##......'....
.H*
#......Hc{..####....#....
*,,
#........*..###'##..#....
**,
#..#######..#..##'#######
* , #.%#.....'..#....###
, * #..#.....#..'......#
,*** #..#.....#..#......#


You could see a sphinx, a vault warden, a tengu reaver and a yaktaur.

Vanquished Creatures
  the Lernaean hydra (Swamp:5)
  Mara (Swamp:4)
  Frederick (Vaults:4)
  Nikola (Swamp:4)
  A tentacled monstrosity (Vaults:4)
  Agnes (Vaults:2)
  A storm dragon (Vaults:4)
  Kirke (D:15)
  2 tengu reavers
  Donald (Swamp:3)
  Maud (Lair:5)
  A frost giant (Vaults:2)
  Aizul (Swamp:4)
  Louise (D:15)
  2 fire giants (Vaults:2)
  7 vault wardens
  An orc warlord (D:16)
  5 stone giants
  A stone giant (shapeshifter) (Vaults:2)
  A vampire knight (Vaults:3)
  6 dire elephants (Lair:8)
  2 ettins
  A jiangshi (Vaults:3)
  3 fire dragons
  5 ironheart preservers
  A great orb of eyes (Vaults:2)
  A minotaur (Lab)
  11 yaktaur captains
  9 vault guards
  Fannar (Lair:3)
  Harold (D:15)
  Josephine (D:15)
  Nessos (Swamp:2)
  A ravenous feature mimic (Vaults:3)
  25 hydras
  8 ogre magi
  Erica (D:10)
  An anaconda (Lair:8)
  A deep troll shaman (Vaults:4)
  6 death yaks (Lair:7)
  5 alligators
  2 very ugly things (Vaults:4)
  An orc high priest (Vaults:2)
  2 deep troll earth magi (Vaults:4)
  A fire crab (Vaults:3)
  Nergalle (D:10)
  15 centaur warriors
  5 skeletal warriors (Vaults:1)
  6 deep trolls
  2 deep elf knights (Vaults:3)
  12 swamp dragons
  3 unseen horrors
  9 ironbrand convokers
  A lindwurm (Volcano)
  9 hill giants
  11 orc knights
  A wolf spider zombie (D:16)
  7 necromancers
  2 stone giant zombies (Vaults:1)
  5 wolf spiders
  3 oklob plants (Lair:8)
  A deep elf conjurer (Vaults:3)
  5 cyclopes
  4 griffons
  2 spiny worms
  A moth of wrath (shapeshifter) (Vaults:3)
  3 octopodes
  Maurice (D:10)
  2 red wasps
  11 elephants
  5 vault sentinels
  A deep elf summoner (Vaults:2)
  2 feature mimics
  17 spiny frogs
  Psyche (D:8)
  A spiny frog (shapeshifter) (Vaults:2)
  5 black mambas
  A mermaid (shapeshifter) (Vaults:4)
  A naga mage (D:16)
  2 fire drakes
  An elf (shapeshifter) (Vaults:3)
  A hydra zombie (D:15)
  39 yaktaurs
  A wandering mushroom (D:13)
  10 komodo dragons
  A polar bear (Lair:4)
  5 trolls
  14 two-headed ogres
  4 giant leeches
  6 blink frogs
  2 boulder beetles
  An orb spider (Lair:4)
  A spriggan (D:8)
  A blink frog (shapeshifter) (Vaults:3)
  50 slime creatures
  A brown ooze (shapeshifter) (Vaults:1)
  4 baby alligators (Swamp:3)
  13 bog bodies
  A jumping spider (Vaults:3)
  3 deep elf magi
  A red wasp zombie (Vaults:1)
  A griffon zombie (D:15)
  A stone giant simulacrum (Vaults:3)
  58 ugly things
  4 redbacks (Vaults:3)
  A toenail golem (Volcano)
  A wraith (D:15)
  8 sharks
  A hill giant zombie (D:14)
  A wyvern (D:15)
  2 shadows
  18 yaks
  Eustachio (D:7)
  A vampire (D:15)
  A hog (D:15)
  18 humans (D:15)
  A tarantella (shapeshifter) (Vaults:2)
  16 hippogriffs
  Grum (D:12)
  8 fire elementals (Volcano)
  A clay golem (Vaults:1)
  38 swamp worms
  2 hungry ghosts (D:15)
  3 molten gargoyles (Volcano)
  6 deep elf fighters
  5 manticores
  The ghost of Mitsuki the Grave Robber, an average DsNe (D:3)
  28 vampire mosquitoes
  A hydra simulacrum (D:15)
  Edmund (D:6)
  A soldier ant (D:13)
  13 wolves
  5 mottled dragons
  2 human zombies
  17 swamp drakes
  A yellow wasp (D:10)
  A gargoyle (Vaults:2)
  A deep troll skeleton (D:15)
  6 porcupines
  8 giant goldfish
  3 freezing wraiths
  9 ice beasts
  12 orc warriors
  A black bear (D:11)
  A blink frog zombie (D:13)
  4 phantoms
  21 ogres
  25 centaurs
  14 water moccasins
  Sigmund (D:4)
  4 sky beasts
  4 lava worms (D:13)
  16 big kobolds
  10 crocodiles
  6 giant slugs
  5 wargs
  Blork the orc (D:5)
  2 yaktaur zombies (Vaults:3)
  16 giant frogs
  A cyclops zombie (D:14)
  10 agate snails
  An eye of draining (D:9)
  3 manticore zombies
  14 insubstantial wisps
  A manticore skeleton (D:7)
  A troll zombie (D:13)
  A hippogriff zombie (D:9)
  7 killer bees
  A yak zombie (D:8)
  21 jellyfish
  4 lava fish (D:13)
  A yak skeleton (D:12)
  A hippogriff skeleton (D:9)
  3 wights (D:13)
  12 crimson imps
  A centaur zombie (Vaults:3)
  10 goliath beetles
  13 hounds
  2 lava snakes (D:13)
  A basilisk zombie (D:15)
  14 electric eels
  14 jellies
  A centaur skeleton (D:7)
  A black bear skeleton (D:9)
  A two-headed ogre zombie (Vaults:3)
  11 orc priests
  17 big fish
  A gnoll shaman (D:6)
  5 grizzly bear simulacra (Lair:5)
  8 iguanas
  16 orc wizards
  2 scorpions (D:9)
  6 worker ants
  A shapeshifter simulacrum (D:15)
  14 sheep
  A mottled dragon zombie (D:14)
  An orange rat (D:7)
  An ogre zombie (D:7)
  An ogre skeleton (D:8)
  2 mottled dragon skeletons (D:15)
  5 boggarts (Vaults:1)
  A mummy (D:11)
  6 gnolls (D:6)
  28 adders
  14 green rats
  2 hound simulacra (Lair:5)
  2 giant centipedes
  2 giant mites
  6 worms
  2 adder zombies (D:6)
  2 giant eyeballs
  3 sheep simulacra (Lair:5)
  2 oozes
  57 orcs
  16 hobgoblins
  23 jackals
  16 quokkas
  A ball python (D:6)
  13 bats
  7 giant cockroaches
  10 giant geckos
  2 giant gecko skeletons
  5 giant newts
  4 giant spores
  10 goblins
  2 hobgoblin skeletons (D:4)
  A hobgoblin zombie (D:6)
  2 jackal skeletons (D:5)
  A jackal zombie (D:3)
  27 kobolds
  2 kobold skeletons
  A kobold zombie (D:3)
  3 orc zombies
  A quokka skeleton (D:5)
  20 rats
  A rat simulacrum (Lair:5)
  8 ballistomycetes
  2 plants (Lair:8)
1423 creatures vanquished.

Vanquished Creatures (collateral kills)
  Frances (Vaults:3)
  A fire giant (Vaults:3)
  A stone giant (Vaults:2)
  A vault guard (Vaults:3)
  A yaktaur captain (Vaults:3)
  A necromancer (D:15)
  3 ironbrand convokers (Vaults:3)
  A vault sentinel (Vaults:3)
  A yaktaur (Vaults:2)
  3 humans (D:15)
  A human skeleton (D:15)
  An orc (Vaults:3)
  A quokka (shapeshifter) (Vaults:2)
17 creatures vanquished.

Vanquished Creatures (others)
  A fire giant (Vaults:2)
  A very ugly thing (Vaults:4)
  A two-headed ogre (D:11)
  A human (D:15)
  2 centaurs (D:12)
  A giant frog (D:15)
  A human skeleton (D:15)
  A giant eyeball (D:10)
  4 orcs
  2 giant spores
  A kobold (D:8)
  3 fungi (Lair:8)
  A plant (Lair:4)
20 creatures vanquished.

Grand Total: 1460 creatures vanquished

Notes
Turn   | Place    | Note
--------------------------------------------------------------
     0 | D:1      | PolkaDot, the Vampire Enchanter, began the quest for the Orb.
     0 | D:1      | Reached XP level 1. HP: 13/13 MP: 3/3
   244 | D:1      | Reached XP level 2. HP: 17/20 MP: 4/4
   307 | D:1      | Reached skill level 5 in Hexes
   531 | D:1      | Learned a level 2 spell: Ensorcelled Hibernation
  1067 | D:2      | Reached XP level 3. HP: 8/25 MP: 3/6
  1181 | D:2      | Noticed Jessica
  1229 | D:2      | Reached skill level 1 in Fighting
  1576 | D:2      | Reached skill level 6 in Hexes
  1880 | D:2      | Reached XP level 4. HP: 28/32 MP: 2/7
  2071 | D:3      | Noticed Mitsuki's ghost (average DsNe)
  2342 | D:2      | Learned a level 3 spell: Confuse
  2765 | D:3      | Killed Mitsuki's ghost
  2765 | D:3      | Reached skill level 7 in Hexes
  2765 | D:3      | Reached XP level 5. HP: 24/37 MP: 9/9
  2989 | D:4      | Found a staircase to the Ecumenical Temple.
  2997 | D:4      | Reached skill level 8 in Hexes
  3199 | Temple   | Entered the Ecumenical Temple
  3494 | D:4      | Reached XP level 6. HP: 40/43 MP: 10/10
  3672 | D:4      | Noticed an ogre
  3677 | D:4      | Killed an ogre
  3678 | D:4      | Noticed Sigmund
  3694 | D:4      | Killed Sigmund
  3694 | D:4      | Reached skill level 9 in Hexes
  4182 | D:4      | Found Uczinoc's Armour Emporium.
  4199 | D:5      | Entered Level 5 of the Dungeon
  4229 | D:5      | Reached skill level 5 in Stealth
  4229 | D:5      | Reached XP level 7. HP: 42/48 MP: 12/12
  4283 | D:5      | Noticed Blork the orc
  4295 | D:5      | Killed Blork the orc
  4378 | D:5      | Reached skill level 10 in Hexes
  4973 | D:6      | Noticed Edmund
  4980 | D:6      | Killed Edmund
  5265 | D:6      | Reached XP level 8. HP: 54/54 MP: 16/16
  5281 | D:6      | Reached skill level 11 in Hexes
  5597 | D:6      | Learned a level 6 spell: Invisibility
  5853 | D:7      | Noticed Eustachio
  5857 | D:7      | Killed Eustachio
  5897 | D:7      | Learned a level 2 spell: Sure Blade
  5915 | D:7      | Noticed a komodo dragon
  5939 | D:7      | Killed a komodo dragon
  5939 | D:7      | Reached skill level 12 in Hexes
  6440 | D:7      | Found a burning altar of Makhleb.
  6440 | D:7      | Found a sparkling altar of Nemelex Xobeh.
  6441 | D:7      | Found a shattered altar of Ashenzari.
  6448 | D:7      | Became a worshipper of Ashenzari the Shackled
  6461 | D:7      | Identified a scroll of acquirement
  6558 | D:7      | Reached XP level 9. HP: 61/61 MP: 18/18
  7027 | D:8      | Reached skill level 1 in Armour
  7075 | D:8      | Reached skill level 13 in Hexes
  7195 | D:8      | Reached skill level 5 in Short Blades
  7290 | D:8      | Noticed Psyche
  7297 | D:8      | Killed Psyche
  7901 | D:8      | Reached XP level 10. HP: 43/67 MP: 7/20
  7918 | D:8      | Reached skill level 5 in Armour
  8150 | D:9      | Reached skill level 14 in Hexes
  9415 | D:10     | Entered Level 10 of the Dungeon
  9417 | D:10     | Noticed Nergalle
  9427 | D:10     | Noticed a spectral orc warlord
  9678 | D:10     | Noticed a hill giant
  9793 | D:10     | Killed a hill giant
  9793 | D:10     | Reached skill level 15 in Hexes
  9829 | D:10     | Killed Nergalle
  9829 | D:10     | Reached XP level 11. HP: 72/72 MP: 20/20
  9961 | D:10     | Noticed a hill giant
  9982 | D:10     | Noticed Maurice
  9993 | D:10     | Killed a hill giant
  9993 | D:10     | Reached skill level 10 in Stealth
 10036 | D:10     | Killed Maurice
 10393 | D:10     | Noticed an orc knight
 10398 | D:10     | Killed an orc knight
 10403 | D:10     | Found a staircase to the Orcish Mines.
 10545 | D:10     | Reached skill level 16 in Hexes
 10754 | D:10     | Noticed Erica
 10762 | D:10     | Killed Erica
 10902 | D:10     | Noticed a wolf spider
 10909 | D:10     | Killed a wolf spider
 10909 | D:10     | Reached skill level 10 in Short Blades
 11265 | D:11     | Found a staircase to the Lair.
 11681 | D:11     | Paralysed by a giant eyeball for 4 turns
 12122 | Lair:1   | Entered Level 1 of the Lair of Beasts
 12146 | Lair:1   | Reached XP level 12. HP: 78/78 MP: 21/21
 12430 | Lair:1   | Acquired Ashenzari's first power
 13084 | Lair:1   | Identified an uncursed rod of the swarm (You took it off an ogre on level 10 of the Dungeon)
 13516 | Lair:1   | Learned a level 4 spell: Enslavement
 13856 | Lair:2   | Reached skill level 17 in Hexes
 14307 | Lair:3   | Acquired Ashenzari's second power
 14367 | Lair:3   | Noticed an eight-headed hydra
 14370 | Lair:3   | Killed a nine-headed hydra
 14406 | Lair:3   | Noticed Fannar
 14416 | Lair:3   | Killed Fannar
 14775 | Lair:4   | Noticed a five-headed hydra
 14785 | Lair:4   | Killed a six-headed hydra
 15209 | Lair:4   | Acquired Ashenzari's third power
 15592 | Lair:4   | Found a hole to the Spider Nest.
 15942 | Lair:5   | Reached skill level 5 in Dodging
 15957 | Lair:5   | Found a dark tunnel.
 15974 | Volcano  | Entered a volcano
 16289 | Volcano  | Reached XP level 13. HP: 53/83 MP: 22/22
 16477 | Lair:5   | Noticed Maud
 16486 | Lair:5   | Killed Maud
 16643 | Lair:5   | Acquired Ashenzari's fourth power
 17274 | Lair:6   | Found a labyrinth entrance.
 17303 | Lab      | Entered a labyrinth
 17510 | Lair:6   | Found a staircase to the Swamp.
 17591 | Lair:6   | Reached skill level 15 in Stealth
 18186 | Lair:7   | HP: 2/83 [death yak (18)]
 19222 | Lair:8   | Entered Level 8 of the Lair of Beasts
 19386 | Lair:8   | Found a staircase to the Slime Pits.
 19393 | Lair:8   | Reached skill level 10 in Dodging
 19662 | Lair:8   | Reached XP level 14. HP: 90/90 MP: 23/23
 20801 | D:12     | Reached skill level 1 in Charms
 21105 | D:12     | Noticed Grum
 21224 | D:12     | Killed Grum
 21983 | D:13     | Identified the +4 robe of Ladders and Snakes {rPois Int+2}
 22953 | D:14     | Reached skill level 5 in Charms
 23246 | D:15     | Entered Level 15 of the Dungeon
 23305 | D:15     | Identified the +8 chain mail of Beyond {Str+3 Int+3}
 23320 | D:15     | Noticed Kirke
 23324 | D:15     | Killed Kirke
 23351 | D:15     | Found Cuethrun's Armour Boutique.
 23642 | D:15     | Noticed Harold
 23759 | D:15     | Killed Harold
 23958 | D:15     | Noticed Josephine
 23961 | D:15     | Killed Josephine
 24273 | D:15     | Reached XP level 15. HP: 101/101 MP: 24/24
 24499 | D:15     | Reached skill level 5 in Fighting
 24741 | D:15     | Noticed Louise
 24742 | D:15     | Found a gate to the Vaults.
 24754 | D:15     | Identified the cursed -1,-2 flail of the Illusory Orbs {crush, rN+}
 24754 | D:15     | Reached skill level 18 in Stealth
 24774 | D:15     | Killed Louise
 25147 | D:16     | Entered Level 16 of the Dungeon
 25572 | D:16     | Found a staircase to the Depths.
 25881 | D:16     | Found an iron altar of Okawaru.
 26116 | D:16     | Gained mutation: You are partially covered in iridescent scales (AC +4). [potion of beneficial mutation]
 26238 | D:16     | Learned a level 3 spell: Regeneration
 26703 | Swamp:1  | Entered Level 1 of the Swamp
 26737 | Swamp:1  | Reached skill level 10 in Charms
 27707 | Swamp:1  | Reached skill level 19 in Stealth
 28004 | Swamp:2  | Noticed Nessos
 28016 | Swamp:2  | Killed Nessos
 29226 | Swamp:3  | Noticed Roxanne
 29345 | Swamp:3  | Reached XP level 16. HP: 115/115 MP: 25/25
 29357 | Swamp:3  | Reached skill level 20 in Stealth
 29664 | Swamp:3  | Noticed Donald
 29671 | Swamp:3  | Killed Donald
 30152 | Swamp:4  | Noticed Aizul
 30166 | Swamp:4  | Killed Aizul
 30333 | Swamp:4  | Identified the cursed +11,+12 quarterstaff of the Imperium {freeze, rC+}
 30516 | Swamp:4  | Noticed Mara
 30825 | Swamp:4  | Noticed Nikola
 30834 | Swamp:4  | Killed Nikola
 31207 | Swamp:4  | Noticed PolkaDot's illusion
 31225 | Swamp:4  | Killed Mara
 31225 | Swamp:4  | Reached skill level 21 in Stealth
 31411 | Swamp:5  | Entered Level 5 of the Swamp
 32030 | Swamp:5  | Noticed the 27-headed Lernaean hydra
 32048 | Swamp:5  | Killed the 26-headed Lernaean hydra
 32048 | Swamp:5  | Reached skill level 22 in Stealth
 32233 | Swamp:5  | Got a decaying rune of Zot
 33203 | Vaults:1 | Entered Level 1 of the Vaults
 33510 | Vaults:1 | Reached XP level 17. HP: 92/125 MP: 25/25
 34014 | Vaults:1 | Found Gruyg's Weapon Shop.
 34296 | Vaults:1 | Reached skill level 23 in Stealth
 35330 | Vaults:2 | Noticed Agnes
 35331 | Vaults:2 | Killed Agnes
 35518 | Vaults:2 | Reached skill level 10 in Fighting
 36016 | Vaults:2 | Reached skill level 24 in Stealth
 37786 | Vaults:2 | Reached XP level 18. HP: 136/136 MP: 26/26
 38251 | Vaults:3 | Noticed Frances
 38254 | Vaults:3 | Paralysed by a vampire knight for 3 turns
 38272 | Vaults:3 | HP: 3/136 [vampire knight/dwarven great mace (10)]
 38697 | Vaults:3 | Reached skill level 1 in Shields
 39010 | Vaults:3 | Killed Frances
 39786 | Vaults:3 | Found Gompit's Armour Emporium.
 39792 | Vaults:3 | Bought a +2 cloak of preservation for 286 gold pieces
 40143 | Vaults:3 | Found a staircase to the Hall of Blades.
 40336 | Vaults:3 | Reached skill level 5 in Shields
 41207 | Vaults:3 | Found a staircase to the Crypt.
 41477 | Vaults:4 | Found a flickering gateway to a bazaar.
 41482 | Bazaar   | Entered a bazaar
 41482 | Bazaar   | Found Dyunwyge's Antique Weapon Boutique.
 41543 | Bazaar   | Found Retaeqoi's Distillery.
 41553 | Bazaar   | Found Qasumed's Jewellery Boutique.
 41564 | Bazaar   | Found Peghaad's General Store.
 41571 | Bazaar   | Found Kleirr's Antique Armour Shoppe.
 41581 | Bazaar   | Bought a pair of dazzling gloves for 161 gold pieces
 41581 | Bazaar   | Identified the cursed -2 pair of gloves of Tinwuss {rF+} (You bought it in a shop in a bazaar)
 41581 | Bazaar   | Bought a faintly glowing cloak for 156 gold pieces
 41581 | Bazaar   | Identified the +0 cloak "Volieg" {Str-1 SInv} (You bought it in a shop in a bazaar)
 41683 | Vaults:4 | Noticed Frederick
 41687 | Vaults:4 | Killed Frederick
 42949 | Vaults:4 | Reached XP level 19. HP: 97/142 MP: 13/27
 42961 | Vaults:4 | HP: 2/142 [sphinx/divine providence (12)]
 42961 | Vaults:4 | Slain by a tengu reaver

Action                   |  1- 3 |  4- 6 |  7- 9 | 10-12 | 13-15 | 16-18 | 19-21 || total
-------------------------+-------+-------+-------+-------+-------+-------+-------++-------
Melee: Dagger            |   138 |   124 |   114 |       |       |       |       ||   376
       Cutlass           |       |       |   142 |   685 |   895 |  1274 |     6 ||  3002
Throw: Dart              |     8 |       |       |       |       |       |       ||     8
 Cast: Corona            |     6 |       |       |     1 |     5 |     2 |       ||    14
       Ensorcelled Hiber |    16 |    20 |    68 |   146 |   150 |   202 |       ||   602
       Confuse           |       |     7 |    19 |    14 |    25 |    53 |     3 ||   121
       Sure Blade        |       |       |    16 |    11 |    83 |    19 |       ||   129
       Invisibility      |       |       |     3 |    24 |    43 |    43 |       ||   113
       Enslavement       |       |       |       |       |     6 |    41 |       ||    47
       Regeneration      |       |       |       |       |       |       |     1 ||     1
 Abil: End Transformatio |       |       |       |     2 |     1 |       |       ||     3
       Bat Form          |       |       |       |     2 |     1 |       |       ||     3
Evoke: Wand              |       |       |     2 |     1 |     8 |    14 |     1 ||    26
  Use: Potion            |     1 |     1 |     2 |     4 |     1 |    10 |       ||    19
       Scroll            |     1 |     5 |    20 |    21 |    16 |    16 |       ||    79
 Stab: Sleeping          |    17 |    19 |    65 |   206 |   300 |   289 |       ||   896
       Confused          |       |     4 |     9 |     8 |    10 |    16 |       ||    47
       Invisible         |       |     1 |     4 |    35 |   108 |    76 |       ||   224
       Distracted        |       |       |       |     3 |     2 |     4 |       ||     9
       Betrayed ally     |       |       |       |       |     1 |       |       ||     1
